cohdb
Replays
Latest Replays
All Replays
Popular Replays
Top Player Replays
Match Explorer
How It Works
Community
CoH3 Stats
Reddit
Sign in to upload your games and track your stats! →
Sign in with Steam
Match 37548062
Unlisted
Match 37548062
Overview
Messages
Build Orders
End
Vickers Machine Gun Team
Construct Section Command Post
Selects Air and Sea Battlegroup
Infantry Section
Infantry Section
Grenade Package
Construct Field Infirmary
Infantry Section
Selects Commando Section Paradrop
Selects Commando Support Section Paradrop
Commando Section Paradrop
Commando Support Section Paradrop
Commando Section Paradrop
Construct Platoon Command Post
Selects Supply Surplus
Construct Company Command Post
Unlock M3 Grant Medium Tanks
Selects Centaur Medium Tank
Minigunner
Polar
KingLiA
matrix4x4
Celltus
MiloAllen
PROSCO
FartNoise
0
0
Comments
sign in to comment!
No comments posted yet!